 Dungeon Crawl Stone Soup version 0.31.0-12-g77e489cdc1 (webtiles) character file.

Game seed: 4724159583467023800

489 Ralhos the Cleaver (level 6, 0/51 HPs)
             Began as a Minotaur Fighter on Mar 5, 2024.
             Slain by a killer bee (5 damage)
             ... on level 4 of the Dungeon.
             The game lasted 00:06:16 (2964 turns).

Ralhos the Cleaver (Minotaur Fighter)               Turns: 2964, Time: 00:06:17

Health: 0/51       AC:  7    Str: 25    XL:     6   Next: 90%
Magic:  5/5        EV: 24    Int:  5    God:
Gold:   90         SH:  3    Dex:  5    Spells: 5/5 levels left

rFire   . . .        a - +0 war axe
rCold   . . .        c - +0 buckler
rNeg    . . .        s - +1 scale mail of Resilience {rPois Will++ Str+3 Dex-5}
rPois   +            (helmet restricted)
rElec   .            (no cloak)
rCorr   .            (no gloves)
SInv    .            (no boots)
Will    +++..        p - amulet of the acrobat Stlth
                     k - ring of willpower
HPRegen 0.28/turn    (no ring)
MPRegen 0.09/turn

%: acrobat
@: acrobatic
A: horns 2, retaliatory headbutt
a: no special abilities


You were on level 4 of the Dungeon.
You visited 1 branch of the dungeon, and saw 4 of its levels.

You collected 90 gold pieces.

Inventory:

Hand Weapons
 a - a +0 war axe (weapon)
Missiles
 f - 3 poisoned darts (quivered)
 l - 35 stones
Armour
 c - a +0 buckler (worn)
 s - the +1 scale mail of Resilience (worn) {rPois Will++ Str+3 Dex-5}
   (You found it on level 3 of the Dungeon)

   Str+3:     It affects your strength (+3).
   Dex-5:     It affects your dexterity (-5).
   rPois:     It protects you from poison Will++: It greatly increases your
   willpower.
Jewellery
 k - a ring of willpower (left hand)
 p - an amulet of the acrobat (around neck)
Scrolls
 g - 4 scrolls of identify {unknown}
 h - 2 scrolls of teleportation {unknown}
 m - a scroll of blinking {unknown}
 n - a scroll of noise {unknown}
 o - a scroll of enchant weapon {unknown}
 r - a scroll of immolation {unknown}
Potions
 d - 2 potions of might
 e - 2 potions of curing {unknown}
 i - a potion of resistance {unknown}
 j - 2 potions of heal wounds {unknown}
 q - a potion of brilliance {unknown}


   Skills:
 - Level 3.6 Fighting
 + Level 9.1 Axes
 - Level 3.6 Armour
 - Level 3.6 Shields


You had 5 spell levels left.
You didn't know any spells.
Your spell library contained the following spells:

 Spells                   Type           Power      Damage    Failure   Level
 Ensorcelled Hibernation  Hex/Ice        0%         N/A       92%         2
 Static Discharge         Conj/Air       0%         3-3/arc   92%         2
 Dazzling Flash           Conj/Hex       0%         N/A       99%         3
 Passwall                 Erth           0%         N/A       99%         3
 Swiftness                Air            0%         N/A       99%         3
 Volatile Blastmotes      Fire/Tloc      0%         2d10      99%         3
 Airstrike                Air            0%         2d(0-16)  100%        4
 Summon Lightning Spire   Summ/Air       0%         N/A       100%        4
 Starburst                Conj/Fire      0%         6d3       100%        6
 Maxwell's Capacitive Co  Air            0%         ∞         100%        8


Dungeon Overview and Level Annotations

Branches:
Dungeon (4/15)
 Temple: D:4-7

Altars:
Ru
Wu Jian


Innate Abilities, Weirdness & Mutations

You have a pair of horns on your head.
You reflexively headbutt those who attack you in melee.


Message History

You are too injured to fight recklessly!
You barely miss the killer bee.
The killer bee is almost dead.
You closely miss the killer bee. The killer bee closely misses you.
You furiously retaliate!
You headbutt the killer bee!
You kill the killer bee!
You block the killer bee's attack.
The killer bee stings you but does no damage.
Your Axes skill increases to level 9!
You hit the killer bee.
The killer bee is lightly wounded.
The killer bee stings you but does no damage. x2
You miss the killer bee.
The killer bee is lightly wounded.
The killer bee stings you. x2
You barely miss the killer bee.
The killer bee is lightly wounded.
A killer bee comes into view.
The killer bee stings you.
The killer bee stings you but does no damage.
The killer bee buzzes angrily.
You slash the killer bee!
The killer bee is heavily wounded.
You hear an angry buzzing noise.
The killer bee barely misses you.
A killer bee comes into view.
The killer bee stings you. x2
* * * LOW HITPOINT WARNING * * *
You closely miss the killer bee. Your headbutt misses the killer bee.
The killer bee is heavily wounded.
You hit the killer bee but do no damage.
The killer bee closely misses you. The killer bee barely misses you.
The killer bee stings you!
* * * LOW HITPOINT WARNING * * *
The killer bee barely misses you.
Okay, then.
Okay, then.
The killer bee attacks as it pursues you!
You block the killer bee's attack. The killer bee stings you.
You die...

####.########
#...........#
#..#.######.#
#..#......#.#
##.#..#.....#
...#..#.#.### ##+##+#
#######.#.#######....[..
......................
###...#.######@.......
#...#.# #yy...... #..
#.# #y....... #.. #.#
#........ #. #.#
#........ #. #.#
#........ #.# #.#######
..# ###


You could see 3 killer bees.

Vanquished Creatures
  Sigmund (D:4)
  2 killer bees (D:4)
  A bombardier beetle (D:3)
  An orc wizard (D:3)
  4 gnolls
  8 adders
  2 dart slugs (D:1)
  7 orcs (D:3)
  5 endoplasms
  6 giant cockroaches
  4 goblins
  6 hobgoblins
  4 jackals
  2 quokkas
  5 ball pythons
  9 bats
  2 frilled lizards
  5 rats
74 creatures vanquished.

Notes
Turn   | Place    | Note
-------+----------+-------------------------------------------
     0 | D:1      | Ralhos the Minotaur Fighter began the quest for the Orb.
     0 | D:1      | Reached XP level 1. HP: 19/19 MP: 0/0
   104 | D:1      | Reached skill level 3 in Axes
   135 | D:1      | Reached XP level 2. HP: 26/26 MP: 1/1
   382 | D:1      | Reached skill level 4 in Axes
   525 | D:1      | Reached XP level 3. HP: 31/31 MP: 2/2
   747 | D:1      | Found an ornate altar of the Wu Jian Council.
  1134 | D:2      | Found a sacrificial altar of Ru.
  1150 | D:2      | Reached skill level 5 in Axes
  1238 | D:2      | Reached XP level 4. HP: 39/39 MP: 3/3
  2086 | D:3      | Reached skill level 6 in Axes
  2088 | D:3      | Reached XP level 5. HP: 45/45 MP: 4/4
  2137 | D:3      | Reached skill level 7 in Axes
  2327 | D:3      | Found a sacrificial altar of Ru.
  2422 | D:3      | Identified the +1 scale mail of Resilience {rPois Will++
                  | Str+3 Dex-5}
  2768 | D:4      | Noticed Sigmund
  2772 | D:4      | Killed Sigmund
  2773 | D:4      | Reached skill level 8 in Axes
  2773 | D:4      | Reached XP level 6. HP: 51/51 MP: 5/5
  2958 | D:4      | Reached skill level 9 in Axes
  2964 | D:4      | Slain by a killer bee

Illustrated notes

Levels and vault maps discovered:
D:1:      dpeg_arrival_lava_altar, layout_loops_ring, minmay_hedge_maze,
          nicolae_titane
D:2:      layout_loops_corners, basic_altar, minmay_worlds_worst_comb
D:3:      layout_loops_ring, mainiacjoe_overflow_alcove_1, minmay_circle_x
D:4:      layout_basic, chequers_temple_overflow_minitemple,
          gammafunk_temple_overflow_wave, serial_shops, nicolae_shop_dealshenge,
          uniq_duvessa, uniq_sigmund

Skill      XL: |  1  2  3  4  5  6 |
---------------+-------------------+-----
Axes           | 3 4 5 6 8 9 |  9.1
Fighting       | |  3.6
Armour         | |  3.6
Shields        | |  3.6

Action                     |  1- 3 |  4- 6 || total
---------------------------+-------+-------++-------
  Melee: War axe           |    49 |   101 ||   150
         Headbutt          |     7 |     9 ||    16
 Armour: Scale mail        |    40 |    72 ||   112
  Dodge: Dodged            |    25 |    57 ||    82
  Block: Buckler           |    11 |    26 ||    37
